 Dungeon Crawl Stone Soup version 0.30-b1-2-g02819fbbbe (webtiles) character file.

Game seed: 522253879889909551

725 Flugkiller the Magician (level 8, -2/56 HPs)
             Began as a Djinni Fighter on May 19, 2023.
             Killed by nerve-wracking pain
             ... invoked by a shadow imp
              (3 damage)
             ... on level 5 of the Dungeon.
             The game lasted 00:06:16 (4273 turns).

Flugkiller the Magician (Djinni Fighter)            Turns: 4273, Time: 00:06:17

Health: -2/56      AC:  3    Str: 15    XL:     8   Next: 2%
Gold:   98         EV: 10    Int: 19    God:
                   SH:  4    Dex: 12

rFire   + + .        a - +0 long sword
rCold   . . .        c - +0 buckler
rNeg    . . .        y - +0 leather armour
rPois   ∞            (no helmet)
rElec   .            (no cloak)
rCorr   .            (no gloves)
SInv    .            (boots unavailable)
Will    .....        (no amulet)
Stlth   +            m - +6 ring of intelligence
HPRegen 0.29/turn    p - ring of protection from cold
MPRegen 0.00/turn

%: infuse magic (-3 HP)
@: flying
A: sickness immunity, fire resistance 2, cold vulnerability 1, float, innate
caster, HP casting, extra vitality 1
a: no special abilities


You were on level 5 of the Dungeon.
You visited 1 branch of the dungeon, and saw 5 of its levels.

You collected 150 gold pieces.
You spent 52 gold pieces at shops.

Inventory:

Hand Weapons
 a - a +0 long sword (weapon)
 e - a +1 whip of venom
   (You found it on level 1 of the Dungeon)
 f - a +0 morningstar
   (You found it on level 1 of the Dungeon)
 h - a +0 broad axe
   (You found it on level 2 of the Dungeon)
Missiles
 o - a throwing net (quivered)
Armour
 b - a +0 scale mail
 c - a +0 buckler (worn)
 y - a +0 leather armour (worn)
   (You found it on level 4 of the Dungeon)
Jewellery
 m - a +6 ring of intelligence (left hand)
   (You found it on level 2 of the Dungeon)
 p - a ring of protection from cold (right hand)
   (You found it on level 4 of the Dungeon)
Scrolls
 i - a scroll of vulnerability
 k - a scroll of enchant armour
 l - a scroll of fog {unknown}
 r - a scroll of magic mapping {unknown}
 w - a scroll of amnesia {unknown}
 x - a scroll of fear
 z - a scroll of poison {unknown}
 B - a scroll of blinking {unknown}
Potions
 d - a potion of might
 g - a potion of resistance {unknown}
 j - 2 potions of attraction
 n - a potion of invisibility {unknown}
 q - 4 potions of curing
 s - 2 potions of cancellation {unknown}
 u - 4 potions of mutation
 v - 2 potions of haste {unknown}
 A - 2 potions of brilliance {unknown}
 C - a potion of heal wounds {unknown}
 D - a potion of ambrosia {unknown}


   Skills:
 - Level 3.0 Fighting
 - Level 4.0 Long Blades
 - Level 3.0 Armour
 - Level 3.0 Shields
 + Level 5.3 Spellcasting


You knew the following spells:

 Your Spells              Type           Power      Damage    Failure   Level
a - Beastly Appendage     Tmut           50%        N/A       2%          1
b - Searing Ray           Conj           50%        2d6       3%          2
c - Mephitic Cloud        Conj/Pois/Air  25%        N/A       6%          3
Your spell library was empty.

Dungeon Overview and Level Annotations

Branches:
Dungeon (5/15) Zot: 25649
 Temple: D:4-7

Altars:
Ru

Shops:
D:4 ?*:*?

Annotations:
D:2 1 runed translucent door, Crazy Yiuf
D:5 1 runed translucent door, Ijyb; Sigmund; sausages's ghost, amateur OpFE


Innate Abilities, Weirdness & Mutations

You are immune to sickness and miasma.
You are immune to poison.
Your flesh is very heat resistant. (rF++)
You are vulnerable to cold. (rC-)
You float through the air rather than walking.
You learn spells naturally, not from books.
Your magical power is your life essence.
You have superior vitality. (+4 MHP)


Message History

The ball explodes into a vile cloud!
The stinking cloud engulfs the phantom but does no damage.
The stinking cloud engulfs the orc but does no damage. x2
You hear a shout!
The orc is engulfed in noxious fumes.
The orc appears confused.
The orc is engulfed in noxious fumes.
The orc appears confused.
Casting: Mephitic Cloud (dangerous; 8% risk of failure)
Confirm with . or Enter, or press ? or * to list all spells.
Aiming: Searing Ray (safe; 4% risk of failure)
Press: ? - help, Shift-Dir - straight line, f/p - phantom
Aim: a phantom (noxious fumes, 69% to hit)
The searing ray hits the phantom.
The phantom is lightly damaged. (Press . to maintain the ray.)
The phantom misses you.
The searing ray hits the phantom!
The phantom is moderately damaged.
The phantom hits you but does no damage.
The orc is engulfed in noxious fumes.
The orc appears confused.
The searing ray hits the phantom!
The phantom is severely damaged.
The orc is engulfed in noxious fumes.
The orc appears confused.
The phantom hits you.
The searing ray hits the phantom!
The phantom is almost destroyed.
You finish channelling your searing ray.
The phantom hits you.
The orc is engulfed in noxious fumes.
The orc appears confused.
You hit the phantom but do no damage.
The phantom is almost destroyed.
The phantom hits you.
You hit the phantom.
You destroy the phantom!
You have reached level 8!
You feel clever.
The orc throws a boomerang.
The boomerang barely misses you.
The orc throws a boomerang.
You block the boomerang.
Casting: Searing Ray (safe; 3% risk of failure)
Confirm with . or Enter, or press ? or * to list all spells.
Aiming: Searing Ray (safe; 3% risk of failure)
Press: ? - help, Shift-Dir - straight line, f - orc
Aim: an orc, wielding a +0 short sword and quivering boomerangs (79% to hit)
The searing ray hits the orc!
The orc is almost dead. (Press . to maintain the ray.)
The orc throws a boomerang.
The boomerang hits you.
The searing ray hits the orc.
You kill the orc!
Casting: Searing Ray (safe; 3% risk of failure)
Confirm with . or Enter, or press ? or * to list all spells.
Restarting spell: Searing Ray (safe; 3% risk of failure)
Press: ? - help, Shift-Dir - straight line, f - orc
Aim: an orc, wielding a +0 whip (confused, 93% to hit)
The searing ray hits the orc!
You kill the orc! (Press . to maintain the ray.)
You start resting.
An orc is nearby!
An orc is nearby!
You are too injured to fight recklessly!
You closely miss the orc. The orc hits you with a +0 short sword.
You are too injured to fight recklessly!
You completely miss the orc. The orc barely misses you.
The orc closely misses you.
You are too injured to fight recklessly!
You barely miss the orc. The orc hits you with a +0 short sword.
You hit the orc.
The orc is severely wounded.
You block the orc's attack.
You closely miss the orc.
The orc is heavily wounded.
The orc hits you with a +0 short sword.
* * * LOW HITPOINT WARNING * * *
You hit the orc.
The orc is severely wounded.
The orc hits you with a +0 short sword.
* * * LOW HITPOINT WARNING * * *
A shadow imp comes into view.
The orc hits you with a +0 short sword.
* * * LOW HITPOINT WARNING * * *
You slash the orc!
You kill the orc!
The shadow imp picks up a beetle and eats it.
Casting: Searing Ray (safe; 3% risk of failure)
Confirm with . or Enter, or press ? or * to list all spells.
Aiming: Searing Ray (safe; 3% risk of failure)
Press: ? - help, Shift-Dir - straight line, f - shadow imp
Aim: a shadow imp (77% to hit)
The searing ray misses the shadow imp. (Press . to maintain the ray.)
* * * LOW HITPOINT WARNING * * *
The shadow imp gestures at you. Pain shoots through your body!
* * * LOW HITPOINT WARNING * * *
The searing ray hits the shadow imp.
The shadow imp is heavily wounded.
* * * LOW HITPOINT WARNING * * *
The shadow imp gestures at you. Pain shoots through your body!
You die...

.....# #........
.....#####........#
..................#
..................#
..#...............#
..#.........5.....#
..#...............#
.##.....##).......#
. #...W.##.....)@.#
. #.....##........#
# #.....###########
#.....# #.....#
#.....# #######


You could see a shadow imp.

Vanquished Creatures
  A black bear (D:5)
  An ogre (D:5)
  A phantom (D:5)
  A scorpion (D:4)
  2 jellies
  An orc priest (D:4)
  4 orc wizards
  2 iguanas (D:4)
  A gnoll (D:5)
  6 adders
  A worm (D:2)
  3 dart slugs
  22 orcs
  3 ball pythons
  8 bats
  5 endoplasms
  2 giant cockroaches
  7 goblins
  5 hobgoblins
  5 quokkas
  A frilled lizard (D:2)
  9 kobolds
  7 rats
98 creatures vanquished.

Vanquished Creatures (others)
  A fungus (D:2)
1 creature vanquished.

Grand Total: 99 creatures vanquished

Notes
Turn   | Place    | Note
-------+----------+-------------------------------------------
     0 | D:1      | Flugkiller the Djinni Fighter began the quest for the Orb.
     0 | D:1      | Reached XP level 1. HP: 20/20 MP: 0/0
   185 | D:1      | Reached XP level 2. HP: 25/25 MP: 0/0
   205 | D:1      | Reached skill level 1 in Spellcasting
   746 | D:2      | Found a runed translucent door.
   747 | D:2      | Noticed Crazy Yiuf
   786 | D:2      | Reached XP level 3. HP: 29/30 MP: 0/0
   786 | D:2      | Learned a level 1 spell: Beastly Appendage
  1014 | D:2      | Reached XP level 4. HP: 26/35 MP: 0/0
  1020 | D:2      | Found a faded altar of an unknown god.
  1400 | D:2      | Reached skill level 2 in Spellcasting
  1670 | D:3      | Reached XP level 5. HP: 31/40 MP: 0/0
  1670 | D:3      | Learned a level 2 spell: Searing Ray
  2557 | D:4      | Found a sacrificial altar of Ru.
  2612 | D:4      | Found Puosuugh's Assorted Antiques.
  2661 | D:4      | Reached XP level 6. HP: 43/46 MP: 0/0
  2972 | D:4      | Found Kauharoz's Magic Scroll Shoppe.
  2989 | D:4      | Reached skill level 3 in Spellcasting
  3018 | D:4      | Bought a scroll labelled ELANI HAEPS for 26 gold pieces
  3018 | D:4      | Bought a scroll labelled CEJU LEASARPHOAMI for 26 gold
                  | pieces
  3035 | D:4      | Found Ruijum's Book Shop.
  3361 | D:4      | Found Qokaephe's Magic Scroll Shoppe.
  3426 | D:4      | Found Laqozat's Assorted Antiques.
  3667 | D:5      | Entered Level 5 of the Dungeon
  3668 | D:5      | Found a runed translucent door.
  3668 | D:5      | Noticed sausages's ghost (amateur OpFE)
  3678 | D:5      | Noticed a +0 hand axe
  3679 | D:5      | Noticed a +0 dagger
  3691 | D:4      | Reached XP level 7. HP: 23/50 MP: 0/0
  3691 | D:4      | Learned a level 3 spell: Mephitic Cloud
  3838 | D:5      | Reached skill level 4 in Spellcasting
  4069 | D:5      | Reached skill level 5 in Spellcasting
  4209 | D:5      | Noticed Ijyb
  4213 | D:5      | Paralysed by Ijyb for 2 turns
  4219 | D:5      | Noticed Sigmund
  4241 | D:5      | Reached XP level 8. HP: 26/56 MP: 0/0
  4272 | D:5      | HP: 2/56 [shadow imp/nerve-wracking pain (10)]
  4273 | D:5      | Killed from afar by a shadow imp

Illustrated notes

Levels and vault maps discovered:
D:1:      dpeg_arrival_ratfight, layout_loops_ring
D:2:      layout_basic, hellmonk_ecumenical_altar_heavens_door,
          minmay_hexomino_u4, uniq_crazy_yiuf_cottage
D:3:      layout_loops_ring, mainiacjoe_overflow_alcove_4, hex_tiny,
          serial_bayou_pond_c
D:4:      layout_basic, kennysheep_mini_moat, serial_shops,
          nicolae_shop_overgrown_old_shop, shop, shop, shop, shop_statue
D:5:      layout_basic, dancing_weapons_uskayaw,
          minmay_temple_entry_butterflies, hellmonk_ghost_happy_afterlife,
          grunt_decor_junction, dreamdust_princess_bridge, uniq_sigmund,
          uniq_edmund, uniq_ijyb

Skill      XL: |  1  2  3  4  5  6  7 |
---------------+----------------------+-----
Long Blades    | 2 3 4 |  4.0
Spellcasting   | 1 2 3 5 |  5.3
Fighting       | |  3.0
Armour         | |  3.0
Shields        | |  3.0

Action                     |  1- 3 |  4- 6 |  7- 9 || total
---------------------------+-------+-------+-------++-------
  Melee: Long sword        |    91 |   136 |    14 ||   241
         Headbutt          |     3 |     3 |       ||     6
   Cast: Beastly Appendage |     2 |     4 |       ||     6
         Searing Ray       |       |    12 |    15 ||    27
         Mephitic Cloud    |       |       |     5 ||     5
    Use: Scroll            |       |     7 |     1 ||     8
         Potion            |       |       |     1 ||     1
 Armour: Scale mail        |    36 |    74 |       ||   110
         Leather armour    |       |     2 |     2 ||     4
  Dodge: Dodged            |    42 |    85 |    13 ||   140
  Block: Buckler           |    16 |    40 |     8 ||    64
